[Event "ICC tourney 2316 (120 10)"]
[Site "Internet Chess Club"]
[Date "2021.01.16"]
[Round "1"]
[White "Chessking2008"]
[Black "drberkley"]
[Result "1-0"]
[ICCResult "Black resigns"]
[WhiteElo "2200"]
[BlackElo "1952"]
[Opening "King's Indian: orthodox, Aronin-Taimanov, bayonet attack"]
[ECO "E97"]
[NIC "KI.05"]
[Time "11:04:10"]
[PlyCount "35"]
[TimeControl "7200+10"]

1. d4 Nf6 2. c4 g6 3. Nc3 Bg7 4. e4 d6 5. Nf3 O-O 6. Be2 e5 7. O-O Nc6 8.
d5 Ne7 9. b4 Nh5 10. Re1 f5 11. c5 f4 12. Ba3 h6 13. Rc1 a6 14. b5 Nf6 15.
b6 Ne8 16. bxc7 Qxc7 17. cxd6 Nxd6 18. Nb5 { Black resigns } 1-0

[Event "ICC tourney 2316 (120 10)"]
[Site "Internet Chess Club"]
[Date "2021.01.16"]
[Round "1"]
[White "GGuseinov"]
[Black "AJM04"]
[Result "1-0"]
[ICCResult "Black resigns"]
[WhiteElo "2715"]
[BlackElo "2050"]
[Opening "Sicilian: closed, 2...Nc6"]
[ECO "B23"]
[NIC "SI.44"]
[Time "11:04:18"]
[PlyCount "37"]
[TimeControl "7200+10"]

1. e4 c5 2. Nc3 Nc6 3. Nf3 e5 4. Bc4 Be7 5. d3 d6 6. O-O Nf6 7. Ng5 O-O 8.
f4 Bg4 9. Qe1 exf4 10. Bxf4 Qd7 11. h3 Bh5 12. Nf3 Bxf3 13. Rxf3 Nd4 14.
Rf2 Nh5 15. Qd1 Nxf4 16. Rxf4 Bf6 17. Rxf6 gxf6 18. Nd5 Kh8 19. Qh5 { Black
resigns } 1-0

[Event "ICC tourney 2316 (120 10)"]
[Site "Internet Chess Club"]
[Date "2021.01.16"]
[Round "1"]
[White "verutak"]
[Black "Volkov"]
[Result "0-1"]
[ICCResult "White resigns"]
[WhiteElo "2050"]
[BlackElo "2607"]
[Opening "QGD: semi-Slav"]
[ECO "D31"]
[NIC "SL.06"]
[Time "11:04:14"]
[PlyCount "60"]
[TimeControl "7200+10"]

1. d4 d5 2. c4 e6 3. Nc3 c6 4. cxd5 exd5 5. Bf4 Bd6 6. Bg3 Nf6 7. Nf3 Bf5
8. Qb3 b5 9. e3 O-O 10. Be2 Re8 11. Rc1 a5 12. a4 b4 13. Nb1 Ne4 14. Nbd2
Nxg3 15. hxg3 Ra7 16. Nh4 Bg6 17. Nxg6 hxg6 18. Nf3 g5 19. Qc2 g6 20. Nd2
Rae7 21. Rh3 Kg7 22. Nb3 f5 23. Kd2 g4 24. Bxg4 fxg4 25. Rh4 Rf7 26. Rf1
Qg5 27. Qd1 Rxf2+ 28. Rxf2 Qxe3+ 29. Kc2 Qxf2+ 30. Nd2 b3+ { White resigns
} 0-1

[Event "ICC tourney 2316 (120 10)"]
[Site "Internet Chess Club"]
[Date "2021.01.16"]
[Round "1"]
[White "greenninja"]
[Black "Assured"]
[Result "0-1"]
[ICCResult "White checkmated"]
[WhiteElo "2025"]
[BlackElo "2552"]
[Opening "French: Tarrasch, Eliskases variation"]
[ECO "C07"]
[NIC "FR.19"]
[Time "11:04:22"]
[PlyCount "62"]
[TimeControl "7200+10"]

1. e4 e6 2. d4 d5 3. Nd2 c5 4. exd5 Qxd5 5. Ngf3 cxd4 6. Bc4 Qd8 7. O-O a6
8. Nb3 Qc7 9. Bd3 Nc6 10. Nbxd4 Nxd4 11. Nxd4 Bd6 12. f4 Nf6 13. Kh1 O-O
14. c3 b5 15. Be3 Bb7 16. Qe1 Be4 17. Bxe4 Nxe4 18. Qh4 Be7 19. Qh3 Rfe8
20. Rae1 Bf6 21. g4 Rad8 22. g5 Bxd4 23. Bxd4 Nd6 24. Rf2 Nf5 25. Be5 Qc5
26. Rf3 Rd2 27. Qh5 Qd5 28. Kg1 Nh4 29. Rg3 Rg2+ 30. Kf1 Rxg3 31. hxg3 Qg2#
{ White checkmated } 0-1

[Event "ICC tourney 2316 (120 10)"]
[Site "Internet Chess Club"]
[Date "2021.01.16"]
[Round "1"]
[White "BrodskyUTD"]
[Black "Adhvaith0406"]
[Result "1/2-1/2"]
[ICCResult "Game drawn by mutual agreement"]
[WhiteElo "2564"]
[BlackElo "2033"]
[Opening "Giuoco Piano"]
[ECO "C54"]
[NIC "IG.02"]
[Time "11:04:14"]
[PlyCount "37"]
[TimeControl "7200+10"]

1. e4 e5 2. Nf3 Nc6 3. Bc4 Bc5 4. c3 Nf6 5. d3 d6 6. O-O O-O 7. Re1 a6 8.
a4 Ba7 9. h3 h6 10. Nbd2 Be6 11. Bxe6 fxe6 12. Nf1 Nh5 13. Be3 Bxe3 14.
Nxe3 Nf4 15. Kh2 d5 16. exd5 exd5 17. Qc2 h5 18. Rad1 Qd6 19. g3 { Game
drawn by mutual agreement } 1/2-1/2

[Event "ICC tourney 2316 (120 10)"]
[Site "Internet Chess Club"]
[Date "2021.01.16"]
[Round "1"]
[White "albertyao"]
[Black "AlexW2007"]
[Result "1-0"]
[ICCResult "Black resigns"]
[WhiteElo "1908"]
[BlackElo "2083"]
[Opening "Sicilian: Najdorf, Byrne (English) attack"]
[ECO "B90"]
[NIC "SI.14"]
[Time "11:04:13"]
[PlyCount "69"]
[TimeControl "7200+10"]

1. e4 c5 2. Nf3 d6 3. d4 cxd4 4. Nxd4 Nf6 5. Nc3 a6 6. Be3 e6 7. g4 b5 8.
g5 Nfd7 9. a3 Bb7 10. h4 Nc6 11. Qd2 Rc8 12. Nxc6 Bxc6 13. O-O-O Qa5 14.
Kb1 Bb7 15. Bd4 b4 16. axb4 Qxb4 17. h5 Rb8 18. b3 Rc8 19. Bh3 Rg8 20. g6
hxg6 21. hxg6 f5 22. Rhe1 Kd8 23. f4 Rh8 24. Re3 Nb6 25. Bxb6+ Qxb6 26.
exf5 exf5 27. Bxf5 Rc7 28. Ne4 Bxe4 29. Rxe4 Qc5 30. Re5 Qc6 31. Be4 Qd7
32. Ra5 Ra7 33. Qd3 Qc8 34. Qd4 Qc7 35. Rf5 { Black resigns } 1-0

[Event "ICC tourney 2316 (120 10)"]
[Site "Internet Chess Club"]
[Date "2021.01.16"]
[Round "1"]
[White "mhebden"]
[Black "Kingforce"]
[Result "1-0"]
[ICCResult "Black resigns"]
[WhiteElo "2503"]
[BlackElo "2017"]
[Opening "QGD Slav: 4.e3"]
[ECO "D11"]
[NIC "QP.06"]
[Time "11:04:09"]
[PlyCount "53"]
[TimeControl "7200+10"]

1. d4 Nf6 2. Nf3 d5 3. c4 c6 4. e3 g6 5. Nc3 Bg7 6. Be2 O-O 7. O-O dxc4 8.
Bxc4 Nbd7 9. Bb3 Qc7 10. h3 e5 11. Re1 Re8 12. Bd2 exd4 13. exd4 Nf8 14.
Ng5 Ne6 15. Qf3 h6 16. Nxe6 Bxe6 17. Bxe6 fxe6 18. Bxh6 Bxh6 19. Qxf6 Qf7
20. Ne4 Rad8 21. Rad1 Rd5 22. Qh4 Bg7 23. Ng5 Qf6 24. Qh7+ Kf8 25. h4 Re7
26. Rd3 Bh8 27. Nxe6+ { Black resigns } 1-0

[Event "ICC tourney 2316 (120 10)"]
[Site "Internet Chess Club"]
[Date "2021.01.16"]
[Round "1"]
[White "andrewjiang2"]
[Black "Gfprasanna"]
[Result "0-1"]
[ICCResult "White resigns"]
[WhiteElo "1922"]
[BlackElo "2151"]
[Opening "Giuoco Piano"]
[ECO "C54"]
[NIC "IG.02"]
[Time "11:04:13"]
[PlyCount "93"]
[TimeControl "7200+10"]

1. e4 e5 2. Nf3 Nc6 3. Bc4 Bc5 4. c3 Nf6 5. d3 d6 6. Nbd2 h6 7. O-O O-O 8.
Re1 a6 9. Nf1 Ba7 10. Ng3 Na5 11. Bb3 Nxb3 12. Qxb3 Be6 13. Qd1 Ng4 14. d4
exd4 15. cxd4 Nf6 16. Be3 d5 17. e5 Ne4 18. Nh5 Bg4 19. Ng3 Nxg3 20. fxg3
f6 21. Bf4 fxe5 22. Bxe5 Qd7 23. Rf1 Rae8 24. Kh1 c5 25. Rc1 c4 26. h3 Bf5
27. Kh2 Be4 28. Nd2 Rxf1 29. Qxf1 Bd3 30. Qf4 Rf8 31. Qe3 Qf7 32. Nf3 Qg6
33. Re1 Re8 34. Qd2 b5 35. Nh4 Qc6 36. Qf4 g5 37. Qg4 Qe6 38. Qh5 gxh4 39.
Re3 Qg6 40. Qd1 Bxd4 41. Bxd4 Rxe3 42. Bxe3 Qxg3+ 43. Kh1 Qxe3 44. Qg4+ Kf8
45. Qc8+ Qe8 46. Qc5+ Qe7 47. Qd4 { White resigns } 0-1

[Event "ICC tourney 2316 (120 10)"]
[Site "Internet Chess Club"]
[Date "2021.01.16"]
[Round "1"]
[White "mchessmaster"]
[Black "shianen"]
[Result "0-1"]
[ICCResult "White resigns"]
[WhiteElo "1955"]
[BlackElo "2201"]
[Opening "French: Steinitz variation"]
[ECO "C11"]
[NIC "FR.04"]
[Time "11:04:10"]
[PlyCount "70"]
[TimeControl "7200+10"]

1. e4 e6 2. d4 d5 3. Nc3 Nf6 4. e5 Nfd7 5. f4 c5 6. Nf3 b6 7. Be3 Be7 8.
Be2 Ba6 9. O-O O-O 10. f5 Re8 11. fxe6 fxe6 12. Bxa6 Nxa6 13. Qd2 Nc7 14.
Rf2 Rf8 15. Raf1 Qe8 16. h4 Qh5 17. dxc5 bxc5 18. Bg5 Bxg5 19. Qxg5 Qxg5
20. Nxg5 Rxf2 21. Rxf2 h6 22. Nf3 Rf8 23. Kf1 Rf5 24. Na4 Na6 25. Re2 Nb4
26. a3 Nc6 27. Ke1 c4 28. Kd2 Ndxe5 29. Nxe5 Rxe5 30. Rxe5 Nxe5 31. Nc5 Kf7
32. Ke3 Nc6 33. g4 g5 34. hxg5 hxg5 35. Kf3 Nd4+ { White resigns } 0-1

[Event "ICC tourney 2316 (120 10)"]
[Site "Internet Chess Club"]
[Date "2021.01.16"]
[Round "1"]
[White "lmperatorX"]
[Black "Heliosis"]
[Result "1-0"]
[ICCResult "Black resigns"]
[WhiteElo "2118"]
[BlackElo "1913"]
[Opening "Giuoco Pianissimo"]
[ECO "C55"]
[NIC "IG.01"]
[Time "11:04:09"]
[PlyCount "75"]
[TimeControl "7200+10"]

1. e4 e5 2. Nf3 Nc6 3. Bc4 Nf6 4. d3 Bc5 5. O-O d6 6. c3 Bb6 7. Nbd2 O-O 8.
h3 a6 9. a4 Ba7 10. Re1 h6 11. Nf1 Be6 12. Bxe6 fxe6 13. Be3 Qe8 14. Ng3
Bxe3 15. Rxe3 Ne7 16. d4 exd4 17. Nxd4 Nc6 18. Qb3 Nxd4 19. cxd4 Kh8 20.
Qxb7 Qe7 21. Rc1 Rac8 22. Qxa6 c5 23. dxc5 dxc5 24. Re2 Rc7 25. Qc4 Nd7 26.
a5 Rb8 27. b4 Qd6 28. b5 Ne5 29. Qa4 c4 30. b6 Rc6 31. Re3 Rc5 32. Rec3 Nd3
33. Rb1 Qd4 34. Rc2 Qe5 35. a6 Rf8 36. a7 Ra5 37. Qxc4 Nc5 38. b7 { Black
resigns } 1-0

[Event "ICC tourney 2316 (120 10)"]
[Site "Internet Chess Club"]
[Date "2021.01.16"]
[Round "1"]
[White "ahu1015"]
[Black "ASharikov"]
[Result "0-1"]
[ICCResult "White resigns"]
[WhiteElo "1993"]
[BlackElo "2281"]
[Opening "French: Tarrasch"]
[ECO "C03"]
[NIC "FR.14"]
[Time "11:04:17"]
[PlyCount "60"]
[TimeControl "7200+10"]

1. e4 e6 2. d4 d5 3. Nd2 Be7 4. Bd3 c5 5. exd5 Qxd5 6. Ngf3 cxd4 7. Bc4 Qd6
8. O-O Nc6 9. Re1 Nf6 10. Bb5 Bd7 11. Nb3 Rd8 12. Qe2 O-O 13. Bxc6 Bxc6 14.
Nbxd4 Be4 15. Bg5 Bg6 16. Rad1 Qb6 17. c3 Bh5 18. Rd2 Qa5 19. a3 Rxd4 20.
Rxd4 Bxf3 21. Qxf3 Qxg5 22. Qxb7 Bc5 23. Rd3 Ng4 24. Rf3 Qh4 25. g3 Qxh2+
26. Kf1 Bxf2 27. Re4 Qg1+ 28. Ke2 Qe1+ 29. Kd3 Qd1+ 30. Kc4 Qxf3 { White
resigns } 0-1

[Event "ICC tourney 2316 (120 10)"]
[Site "Internet Chess Club"]
[Date "2021.01.16"]
[Round "1"]
[White "yqd123yqd456"]
[Black "blueeagle405"]
[Result "1-0"]
[ICCResult "Black resigns"]
[WhiteElo "2366"]
[BlackElo "1998"]
[Opening "King's Indian: fianchetto without c4"]
[ECO "A49"]
[NIC "QP.06"]
[Time "11:05:04"]
[PlyCount "77"]
[TimeControl "7200+10"]

1. d4 Nf6 2. Nf3 g6 3. g3 Bg7 4. Bg2 c6 5. c4 d5 6. Qb3 O-O 7. O-O a5 8.
cxd5 cxd5 9. Nc3 Nc6 10. Bf4 e6 11. Rfc1 Ne4 12. Nb5 g5 13. Bc7 Qd7 14. Ne5
Nxe5 15. dxe5 Nd2 16. Qa4 Nc4 17. Rxc4 dxc4 18. Rd1 Qe8 19. Qxc4 Kh8 20.
Bd6 Qd7 21. Rd3 Rg8 22. Ba3 Bxe5 23. Rxd7 Bxd7 24. Bd6 Bxb2 25. Bxb7 Rad8
26. Nc3 Rge8 27. Qb3 Ba1 28. Bc7 Rb8 29. Bxb8 Rxb8 30. Qd1 Rxb7 31. Qxa1
Bc6 32. f3 Kg8 33. Ne4 Bxe4 34. fxe4 Rb5 35. Qf6 g4 36. a4 Rh5 37. e5 h6
38. Qd8+ Kg7 39. Qxa5 { Black resigns } 1-0

[Event "ICC tourney 2316 (120 10)"]
[Site "Internet Chess Club"]
[Date "2021.01.16"]
[Round "1"]
[White "xcelswimmer"]
[Black "CoolBoy2020"]
[Result "0-1"]
[ICCResult "White resigns"]
[WhiteElo "1937"]
[BlackElo "2197"]
[Opening "King's Indian: Sämisch, 5...O-O"]
[ECO "E81"]
[NIC "KI.48"]
[Time "11:04:13"]
[PlyCount "90"]
[TimeControl "7200+10"]

1. d4 Nf6 2. c4 g6 3. f3 Bg7 4. e4 d6 5. Nc3 O-O 6. Be3 Nbd7 7. Qd2 a6 8.
Bd3 c6 9. Nge2 e5 10. d5 cxd5 11. cxd5 Nc5 12. Bc2 a5 13. O-O Nh5 14. g4
Nf4 15. Nxf4 exf4 16. Bxf4 Qb6 17. Kg2 Qxb2 18. Rab1 Qxc3 19. Qxc3 Bxc3 20.
Bxd6 Bb4 21. Bxf8 Kxf8 22. e5 Bc3 23. Rb5 Na6 24. f4 Bxg4 25. Rxb7 Nc5 26.
Rc7 Rc8 27. Ra7 Be2 28. Rf2 Bc4 29. f5 Bxd5+ 30. Kf1 Bd4 31. fxg6 Bxf2 32.
gxh7 Kg7 33. Kxf2 a4 34. Bf5 Ra8 35. Rc7 Ne6 36. Rd7 Bxa2 37. Be4 Rd8 38.
Ra7 Bb3 39. Bc6 Nc5 40. e6 Bxe6 41. h8=Q+ Rxh8 42. Ra5 Nd3+ 43. Ke3 Rh3+
44. Kd2 Nb2 45. Bxa4 Nc4+ { White resigns } 0-1

[Event "ICC tourney 2316 (120 10)"]
[Site "Internet Chess Club"]
[Date "2021.01.16"]
[Round "1"]
[White "PawnEatingZombi"]
[Black "Mapking1"]
[Result "1/2-1/2"]
[ICCResult "Game drawn by mutual agreement"]
[WhiteElo "2190"]
[BlackElo "1935"]
[Opening "Grünfeld: modern exchange variation"]
[ECO "D85"]
[NIC "GI.04"]
[Time "11:04:28"]
[PlyCount "62"]
[TimeControl "7200+10"]

1. d4 Nf6 2. c4 g6 3. Nc3 d5 4. cxd5 Nxd5 5. e4 Nxc3 6. bxc3 Bg7 7. Nf3 O-O
8. Be2 c5 9. O-O Nc6 10. d5 Bxc3 11. Bh6 Nd4 12. Nxd4 Bxd4 13. Bxf8 Bxa1
14. Qxa1 Qxf8 15. Rd1 b6 16. a4 Bd7 17. Bb5 Qd8 18. h4 h5 19. e5 a6 20. Be2
Qc7 21. d6 exd6 22. Rxd6 Be6 23. Qb1 Kg7 24. Qxb6 Qxb6 25. Rxb6 a5 26. Rc6
Rc8 27. Rxc8 Bxc8 28. f3 f6 29. exf6+ Kxf6 30. Kf2 Ke5 31. Ke3 Bf5 { Game
drawn by mutual agreement } 1/2-1/2

[Event "ICC tourney 2316 (120 10)"]
[Site "Internet Chess Club"]
[Date "2021.01.16"]
[Round "1"]
[White "Ambuli123"]
[Black "yanzhe"]
[Result "1-0"]
[ICCResult "Black checkmated"]
[WhiteElo "2159"]
[BlackElo "1929"]
[Opening "QGD: classical variation (5.Bf4)"]
[ECO "D37"]
[NIC "QO.04"]
[Time "11:04:11"]
[PlyCount "125"]
[TimeControl "7200+10"]

1. d4 d5 2. c4 e6 3. Nf3 Nf6 4. Nc3 Be7 5. Bf4 O-O 6. e3 c6 7. Qc2 Nbd7 8.
Rd1 h6 9. h3 Qa5 10. Nd2 Re8 11. Be2 Bf8 12. O-O Qd8 13. e4 dxc4 14. Nxc4
b5 15. Ne3 a6 16. d5 cxd5 17. exd5 e5 18. Bg3 Bd6 19. Nf5 Nb6 20. Nxd6 Qxd6
21. Bxb5 axb5 22. Nxb5 Qd7 23. Nc7 Nfxd5 24. Nxa8 Nxa8 25. Rfe1 f6 26. f4
Nab6 27. fxe5 fxe5 28. Rxe5 Rxe5 29. Bxe5 Qf7 30. Bd4 Bf5 31. Qf2 Qg6 32.
Bxb6 Nxb6 33. Kh2 Nc4 34. b3 Ne5 35. Qg3 Qh5 36. Rd8+ Kh7 37. Qxe5 Qg6 38.
Qg3 Qa6 39. a4 Be4 40. Rd4 Qe6 41. Qe3 Qe5+ 42. Kg1 Qc7 43. Qxe4+ Kg8 44.
Qf4 Qe7 45. Kh2 h5 46. a5 h4 47. Qxh4 Qc7+ 48. Qg3 Qxa5 49. Rd7 Qa1 50.
Rxg7+ Qxg7 51. Qxg7+ Kxg7 52. Kg3 Kf6 53. Kf4 Ke6 54. g4 Kf6 55. h4 Kg6 56.
b4 Kh6 57. b5 Kg6 58. b6 Kh6 59. b7 Kg6 60. b8=Q Kh6 61. g5+ Kg6 62. Qg8+
Kh5 63. Qh7# { Black checkmated } 1-0

[Event "ICC tourney 2316 (120 10)"]
[Site "Internet Chess Club"]
[Date "2021.01.16"]
[Round "1"]
[White "dopolian"]
[Black "aarushnaveen"]
[Result "1/2-1/2"]
[ICCResult "Game drawn by repetition"]
[WhiteElo "2267"]
[BlackElo "1977"]
[Opening "Sicilian: Najdorf, Zagreb (fianchetto) variation"]
[ECO "B91"]
[NIC "SI.14"]
[Time "11:04:10"]
[PlyCount "135"]
[TimeControl "7200+10"]

1. e4 c5 2. Nf3 d6 3. d4 cxd4 4. Nxd4 Nf6 5. Nc3 a6 6. g3 e5 7. Nde2 Be7 8.
Bg2 O-O 9. O-O b5 10. Nd5 Nxd5 11. Qxd5 Ra7 12. Qd3 Rc7 13. Be3 Rc6 14. Nc3
Nd7 15. Nd5 Bg5 16. Nb4 Rc4 17. Bxg5 Qxg5 18. Qxd6 Nf6 19. h4 Qh5 20. Nc6
Re8 21. Ne7+ Kh8 22. Nxc8 Rcxc8 23. Qxa6 h6 24. Qxb5 g5 25. hxg5 hxg5 26.
Qd3 Ng4 27. Rfd1 Qh2+ 28. Kf1 Re6 29. Rd2 Rf6 30. a4 Kg7 31. a5 Rc4 32. c3
Rxe4 33. Qxe4 Qxg3 34. Qe2 e4 35. Ra4 Ne3+ 36. Ke1 Qxg2 37. Qxe3 Qh1+ 38.
Ke2 Qh5+ 39. f3 Rxf3 40. Rxe4 Rxe3+ 41. Kxe3 g4 42. a6 Qh3+ 43. Kd4 g3 44.
Ree2 Qg4+ 45. Kd3 Qa4 46. Rg2 Qxa6+ 47. Ke3 Qh6+ 48. Kf3 Kf8 49. Kxg3 Qe3+
50. Kh2 Qe5+ 51. Rg3 Qf4 52. Re2 Qf1 53. Rge3 Kg7 54. Kg3 f5 55. Re7+ Kf6
56. R7e5 Qg1+ 57. Rg2 f4+ 58. Kf3 Qf1+ 59. Rf2 Qh1+ 60. Kxf4 Qh4+ 61. Ke3+
Kxe5 62. Re2 Qf4+ 63. Kd3+ Kd5 64. Kc2 Qa4+ 65. Kc1 Qf4+ 66. Kc2 Qa4+ 67.
Kc1 Qf4+ 68. Kc2 { Game drawn by repetition } 1/2-1/2

[Event "ICC tourney 2316 (120 10)"]
[Site "Internet Chess Club"]
[Date "2021.01.16"]
[Round "1"]
[White "chessrani"]
[Black "hidedozyo"]
[Result "0-1"]
[ICCResult "White resigns"]
[WhiteElo "2007"]
[BlackElo "2393"]
[Opening "Giuoco Piano: Anderssen variation"]
[ECO "C54"]
[NIC "IG.02"]
[Time "11:04:25"]
[PlyCount "94"]
[TimeControl "7200+10"]

1. e4 e5 2. Nf3 Nc6 3. Bc4 Bc5 4. c3 Nf6 5. d4 exd4 6. e5 d5 7. Bb5 Ne4 8.
cxd4 Bb4+ 9. Nbd2 O-O 10. O-O Bxd2 11. Bxd2 Nxd2 12. Qxd2 Ne7 13. Bd3 c6
14. Rfe1 h6 15. Qf4 Be6 16. Nh4 Qd7 17. Re3 f5 18. exf6 Rxf6 19. Qg3 Nf5
20. Bxf5 Bxf5 21. Rae1 Be6 22. Ng6 Bf5 23. Ne7+ Kh7 24. Nxf5 Qxf5 25. Rf3
Re6 26. Rfe3 Rae8 27. h3 Rxe3 28. Rxe3 Qb1+ 29. Kh2 Rxe3 30. Qxe3 Qxb2 31.
Qd3+ Kg8 32. Qe3 Qc2 33. a4 Kh7 34. Qe5 Qxf2 35. Kh1 Qf6 36. Qe3 Qf5 37.
Qc3 Qf1+ 38. Kh2 Qc4 39. Qa1 Qd3 40. Qb2 b5 41. axb5 cxb5 42. Qb4 a6 43.
Kh1 Qc4 44. Qd2 b4 45. Qf2 Qd3 46. Qb2 b3 47. Kh2 Qc2 { White resigns } 0-1

[Event "ICC tourney 2316 (120 10)"]
[Site "Internet Chess Club"]
[Date "2021.01.16"]
[Round "1"]
[White "RogerZ"]
[Black "creepycrawlies"]
[Result "0-1"]
[ICCResult "White resigns"]
[WhiteElo "1930"]
[BlackElo "2187"]
[Opening "Sicilian: Najdorf, Lipnitzky attack"]
[ECO "B86"]
[NIC "SI.13"]
[Time "11:04:12"]
[PlyCount "132"]
[TimeControl "7200+10"]

1. e4 c5 2. Nf3 d6 3. d4 cxd4 4. Nxd4 Nf6 5. Nc3 a6 6. Bc4 e6 7. Bb3 Nbd7
8. O-O Nc5 9. Re1 Be7 10. f4 O-O 11. Qf3 Qd7 12. Be3 b5 13. e5 dxe5 14.
fxe5 Bb7 15. Qh3 Nfe4 16. Nxe4 Bxe4 17. Rad1 Qb7 18. Rd2 Nxb3 19. axb3 Kh8
20. Red1 Bc5 21. Qg3 Rac8 22. c3 Bg6 23. Ne2 Bh5 24. Bxc5 Rxc5 25. Qh4 Bxe2
26. Rxe2 Rd5 27. Qe1 Rfd8 28. Red2 h6 29. c4 Rxd2 30. Rxd2 Rxd2 31. Qxd2
Qe4 32. Qc3 b4 33. Qxb4 Qb1+ 34. Kf2 Qxb2+ 35. Kf3 Qxe5 36. Qf8+ Kh7 37.
Qxf7 Qc3+ 38. Kf2 Qc2+ 39. Kf1 Qd1+ 40. Kf2 Qxb3 41. Qxe6 Qc2+ 42. Kf3 Qd3+
43. Kf4 a5 44. Qe4+ Qxe4+ 45. Kxe4 Kg6 46. Kd4 Kf6 47. Kc5 Ke5 48. Kb5 Kd4
49. c5 a4 50. c6 a3 51. c7 a2 52. c8=Q a1=Q 53. Qg4+ Kd5 54. Qf3+ Ke6 55.
h3 Qd4 56. Qc6+ Ke5 57. Qe8+ Kf4 58. Qg6 Qe5+ 59. Kc6 Qe4+ 60. Qxe4+ Kxe4
61. Kd6 Kf4 62. Ke6 Kg3 63. Kf7 Kxg2 64. Kxg7 h5 65. Kg6 h4 66. Kg5 Kxh3 {
White resigns } 0-1

[Event "ICC tourney 2316 (120 10)"]
[Site "Internet Chess Club"]
[Date "2021.01.16"]
[Round "2"]
[White "Volkov"]
[Black "Chessking2008"]
[Result "1-0"]
[ICCResult "Black resigns"]
[WhiteElo "2607"]
[BlackElo "2200"]
[Opening "Nimzo-Indian: Kmoch variation"]
[ECO "E20"]
[NIC "NI.30"]
[Time "16:17:17"]
[PlyCount "75"]
[TimeControl "7200+10"]

1. d4 Nf6 2. c4 e6 3. Nc3 Bb4 4. f3 c5 5. d5 d6 6. e4 b5 7. Ne2 bxc4 8. Nf4
Bxc3+ 9. bxc3 e5 10. Ne2 Nbd7 11. g4 h6 12. Ng3 Nb6 13. a4 a5 14. h4 Bd7
15. Be2 g6 16. Kf2 Qe7 17. Be3 O-O-O 18. Qd2 h5 19. Bg5 hxg4 20. fxg4 Bxg4
21. Kg2 Bxe2 22. Qxe2 Nfxd5 23. Bxe7 Nf4+ 24. Kf3 Nxe2 25. Bxd8 Nxg3 26.
Bf6 Nxh1 27. Bxh8 Kd7 28. Kg2 Ke6 29. Kxh1 d5 30. Rf1 f5 31. exf5+ gxf5 32.
h5 Nd7 33. Bg7 Kf7 34. Rg1 e4 35. h6 Kg8 36. Be5+ Kh7 37. Rg7+ Kxh6 38.
Rxd7 { Black resigns } 1-0

[Event "ICC tourney 2316 (120 10)"]
[Site "Internet Chess Club"]
[Date "2021.01.16"]
[Round "2"]
[White "Drachekokosnuss"]
[Black "BrodskyUTD"]
[Result "0-1"]
[ICCResult "White resigns"]
[WhiteElo "2100"]
[BlackElo "2564"]
[Opening "Sicilian: Najdorf, Adams attack"]
[ECO "B90"]
[NIC "SI.14"]
[Time "16:17:41"]
[PlyCount "70"]
[TimeControl "7200+10"]

1. e4 c5 2. Nf3 d6 3. d4 cxd4 4. Nxd4 Nf6 5. Nc3 a6 6. h3 e5 7. Nde2 h5 8.
Ng1 Be7 9. Nf3 Qc7 10. Be2 b5 11. Bg5 Nbd7 12. O-O Bb7 13. Bd3 Nc5 14. Re1
b4 15. Nd5 Nxd5 16. exd5 Bxd5 17. Bb5+ axb5 18. Qxd5 Qb7 19. Qd2 Ne4 20.
Qxb4 Ra4 21. Rxe4 Rxb4 22. Rxb4 f6 23. Bd2 d5 24. Rb3 Qc6 25. Rc3 Qd7 26.
Rb3 O-O 27. Bb4 Bxb4 28. Rxb4 d4 29. a4 Ra8 30. Ra3 Rxa4 31. Raxa4 bxa4 32.
b3 a3 33. Rb8+ Kh7 34. Ra8 Qc6 35. Rxa3 Qxc2 { White resigns } 0-1

[Event "ICC tourney 2316 (120 10)"]
[Site "Internet Chess Club"]
[Date "2021.01.16"]
[Round "2"]
[White "Adhvaith0406"]
[Black "analyst1"]
[Result "0-1"]
[ICCResult "White resigns"]
[WhiteElo "2033"]
[BlackElo "2466"]
[Opening "Sicilian: Hungarian variation"]
[ECO "B27"]
[NIC "SI.43"]
[Time "16:17:36"]
[PlyCount "128"]
[TimeControl "7200+10"]

1. e4 c5 2. Nf3 g6 3. c3 d5 4. e5 d4 5. cxd4 cxd4 6. Qa4+ Nc6 7. Bb5 Bd7 8.
d3 a6 9. Bxc6 Bxc6 10. Qxd4 Qxd4 11. Nxd4 Bxg2 12. Rg1 Bh3 13. Be3 Nh6 14.
Nc3 Rd8 15. Rg3 Bc8 16. f4 Nf5 17. Nxf5 Bxf5 18. d4 e6 19. O-O-O Be7 20.
Rg2 Rc8 21. Kd2 O-O 22. Ke1 Bb4 23. Rc1 Rfd8 24. a3 Bf8 25. Rd2 f6 26. exf6
Kf7 27. Kf2 Kxf6 28. d5 Kf7 29. dxe6+ Kxe6 30. Rxd8 Rxd8 31. Na4 Kf7 32.
Nc5 Rb8 33. Rd1 Ke8 34. Kf3 h5 35. Rd2 Be7 36. Ne4 Rd8 37. Rxd8+ Kxd8 38.
Bd4 Kd7 39. Ke3 Kc6 40. Bf6 Bf8 41. h4 Kd5 42. Nc3+ Kc4 43. Ne2 Bc5+ 44.
Kd2 b5 45. Nc1 Bd4 46. Bxd4 Kxd4 47. Nb3+ Ke4 48. Nc5+ Kxf4 49. Nxa6 Kg3
50. Ke3 Kxh4 51. Kf2 g5 52. Nc7 Bd7 53. Nd5 g4 54. b3 g3+ 55. Kg1 Be6 56.
Nc3 Bxb3 57. Nxb5 Kg4 58. Nd4 Bd5 59. Nc2 Kf4 60. Nd4 h4 61. Ne2+ Kg4 62.
a4 h3 63. Nxg3 Kxg3 64. a5 h2+ { White resigns } 0-1

[Event "ICC tourney 2316 (120 10)"]
[Site "Internet Chess Club"]
[Date "2021.01.16"]
[Round "2"]
[White "hidedozyo"]
[Black "lmperatorX"]
[Result "1-0"]
[ICCResult "Black resigns"]
[WhiteElo "2393"]
[BlackElo "2118"]
[Opening "QGD: exchange, positional line, 6.Qc2"]
[ECO "D36"]
[NIC "QO.16"]
[Time "16:17:39"]
[PlyCount "47"]
[TimeControl "7200+10"]

1. d4 d5 2. c4 e6 3. Nc3 Nf6 4. cxd5 exd5 5. Bg5 c6 6. Qc2 Bd6 7. e3 O-O 8.
Bd3 h6 9. Bh4 Re8 10. Nge2 a5 11. Bg3 Na6 12. a3 Nc7 13. O-O Ne6 14. Bxd6
Qxd6 15. Ng3 Bd7 16. f3 b5 17. Nf5 Qc7 18. Qf2 Qb6 19. b4 axb4 20. axb4 Ra7
21. Qh4 Ng5 22. Nxh6+ gxh6 23. Qxh6 Ngh7 24. Nxd5 { Black resigns } 1-0

[Event "ICC tourney 2316 (120 10)"]
[Site "Internet Chess Club"]
[Date "2021.01.16"]
[Round "2"]
[White "Gfprasanna"]
[Black "mhebden"]
[Result "0-1"]
[ICCResult "White resigns"]
[WhiteElo "2151"]
[BlackElo "2503"]
[Opening "Two knights defense (Modern bishop's opening)"]
[ECO "C55"]
[NIC "IG.01"]
[Time "16:17:24"]
[PlyCount "86"]
[TimeControl "7200+10"]

1. e4 e5 2. Nf3 Nc6 3. Bc4 Nf6 4. d3 Be7 5. Nc3 d6 6. a3 O-O 7. h3 Be6 8.
Nd5 Bxd5 9. Bxd5 Nxd5 10. exd5 Nb8 11. O-O Nd7 12. b3 f5 13. Bb2 Qe8 14.
Nd2 Qf7 15. c4 Bg5 16. Nf3 Bf6 17. Qd2 Rae8 18. Ng5 Bxg5 19. Qxg5 Nc5 20.
Rad1 Nxb3 21. Qe3 Nc5 22. Rfe1 f4 23. Qf3 Qg6 24. Kh1 b6 25. Bc3 a5 26. Re2
Rf6 27. Qg4 Qxg4 28. hxg4 f3 29. Re3 Ref8 30. Rd2 Rf4 31. gxf3 Rxf3 32. Kg2
Rxe3 33. fxe3 e4 34. dxe4 Nxe4 35. Rc2 h6 36. Bd4 Kh7 37. Re2 Kg6 38. Kg1
Rf7 39. g5 h5 40. Rg2 Rf5 41. Kh2 Rxg5 42. Re2 Kh6 43. Re1 Rf5 { White
resigns } 0-1